Map: Ephemeron LE

Players

llllllllllll

  • Race: Protoss Protoss
  • League: Master
  • Spawn Location: 5:00

Gredu - Winner!

  • Race: Zerg Zerg
  • League: Master
  • Spawn Location: 11:00

VOD

Have the link to the VOD?

Description

Time

  • Played on: Nov. 3, 2019, 5:37 p.m.
  • Length: 15:00
Show
View Real Time Build Order
Export as new Build Order

llllllllllll Protoss 

Build Orders: Archon Immortal 

Get SALT Encoding   

  12  0:01  Probe  
  13  0:13  Probe  
  14  0:20  Pylon  
  14  0:25  Probe  
  15  0:38  Probe (Chrono Boost)  
  15  0:39  Gateway  
  16  0:47  Probe (Chrono Boost)  
  16  0:48  Assimilator  
  17  0:52  Probe (Chrono Boost)  
  18  1:04  Probe  
  19  1:16  Probe  
  20  1:20  Gateway  
  20  1:26  Cybernetics Core  
  20  1:27  Zealot (Chrono Boost)  
  20  1:30  Probe  
  23  1:39  Pylon  
  23  1:57  Probe  
  23  2:01  Zealot (Chrono Boost)  
  26  2:04  Adept (Chrono Boost)  
  28  2:14  Warp Gate (Chrono Boost)  
  28  2:18  Shield Battery  
  28  2:22  Adept (Chrono Boost)  
  28  2:27  Adept  
  29  2:42  Pylon  
  26  2:58  Nexus  
  26  3:02  Probe  
  27  3:12  Assimilator  
  27  3:15  Probe  
  29  3:27  Probe  
  29  3:29  Stargate  
  27  3:41  Shield Battery  
  27  3:50  Cybernetics Core  
  27  3:58  Zealot x2  
  27  4:02  Probe  
  32  4:12  Probe  
  32  4:14  Probe  
  34  4:24  Probe (Chrono Boost)  
  34  4:26  Probe (Chrono Boost)  
  34  4:28  Phoenix  
  38  4:37  Probe (Chrono Boost)  
  38  4:38  Probe (Chrono Boost)  
  40  4:42  Probe (Chrono Boost)  
  40  4:43  Probe (Chrono Boost)  
  42  4:51  Probe  
  43  4:53  Probe  
  44  5:03  Probe  
  44  5:05  Probe  
  46  5:07  Oracle (Chrono Boost)  
  45  5:14  Assimilator  
  45  5:15  Probe  
  45  5:17  Probe  
  45  5:18  Assimilator  
  45  5:19  Sentry x2  
  51  5:27  Probe  
  52  5:29  Probe  
  52  5:31  Robotics Facility  
  53  5:39  Probe  
  54  5:48  Pylon  
  54  5:50  Pylon  
  54  5:51  Pylon  
  54  6:03  Pylon  
  54  6:06  Probe x2  
  56  6:15  Zealot x2  
  56  6:18  Nexus, Probe  
  60  6:19  Probe  
  60  6:23  Pylon  
  62  6:31  Probe x2  
  64  6:36  Immortal (Chrono Boost)  
  68  6:48  Probe x2  
  70  6:56  Twilight Council  
  70  6:58  Forge  
  70  7:00  Probe x2  
  72  7:04  Immortal (Chrono Boost)  
  76  7:12  Probe x2  
  78  7:22  Sentry x2  
  82  7:23  Shield Battery  
  82  7:24  Probe x2  
  82  7:26  Protoss Ground Weapons Level 1 (Chrono Boost)  
  84  7:36  Probe x2  
  90  7:37  Charge  
  90  7:39  Warp Prism  
  90  7:41  Templar Archives  
  90  7:42  Probe  
  89  7:53  Probe x2  
  89  7:54  Probe  
  92  7:59  Assimilator  
  92  8:03  Assimilator  
  92  8:05  Probe  
  93  8:06  Gateway  
  93  8:07  Gateway  
  93  8:08  Gateway, Probe x2  
  93  8:12  Pylon  
  95  8:15  Pylon  
  95  8:17  High Templar x2  
  99  8:24  Probe x2  
  99  8:25  Probe  
  102  8:30  Immortal (Chrono Boost)  
  102  8:34  Pylon  
  106  8:36  Pylon  
  106  8:40  Probe x2  
  108  8:45  Archon  
  108  8:49  High Templar x2  
  108  8:53  Archon  
  108  8:54  Gateway  
  112  8:58  Gateway  
  112  9:05  Protoss Ground Weapons Level 2 (Chrono Boost), Immortal (Chrono Boost)  
  116  9:12  Probe x3  
  116  9:16  Psionic Storm  
  113  9:23  High Templar x5  
  113  9:24  Nexus  
  119  9:49  Probe x3  
  122  9:56  Zealot x3  
  122  9:57  Zealot x4  
  126  10:01  Immortal, Probe  
  130  10:11  Gateway x3  
  130  10:17  High Templar x3  
  130  10:18  High Templar x2  
  140  10:23  Gateway  
  140  10:24  Gateway, Archon x2  
  140  10:25  Gateway  
  131  10:41  Zealot x2  
  119  10:43  Probe x2  
  119  10:46  Probe  
  116  10:55  Zealot x5, Probe x2  
  128  10:58  Probe  
  121  11:07  Probe x2  
  121  11:10  Probe  
  124  11:14  Protoss Ground Weapons Level 3 (Chrono Boost)  
  124  11:15  Photon Cannon  
  124  11:17  Photon Cannon  
  124  11:19  Probe x2  
  124  11:20  High Templar x4  
  124  11:25  Archon x2  
  134  11:29  Probe  
  135  11:51  Nexus  
  135  11:53  Warp Prism (Chrono Boost)  
  135  12:00  Probe x2  
  114  12:12  Zealot x3  
  107  12:28  Archon  
  85  12:31  Zealot  
  85  12:32  Zealot x7  
  101  12:46  Nexus  
  101  12:48  High Templar x2  
  101  12:50  High Templar  
  107  12:52  High Templar  
  107  12:53  High Templar  
  107  12:55  High Templar  
  113  13:00  Probe x2  
  113  13:01  Probe  
  98  13:14  Zealot x3  
  98  13:16  Probe x2  
  106  13:26  High Templar x4  
  112  13:31  Archon  
  112  13:32  Archon  
  112  13:33  Probe x3  
  109  13:37  Pylon  
  109  13:38  Observer (Chrono Boost)  
  110  13:45  Probe  
  110  13:48  High Templar x2  
  113  13:49  Zealot x3  
  113  13:58  Probe x4  
  116  14:03  Zealot  
  116  14:11  Zealot x4  
  116  14:15  Probe  
  116  14:16  Probe x2  
  125  14:22  High Templar x3  
  131  14:25  Pylon  
  131  14:28  Archon  
  131  14:29  Archon  
  131  14:30  Warp Prism (Chrono Boost)  
  131  14:31  High Templar  
  133  14:37  Archon  
  135  14:40  Zealot x3  
  135  14:42  Probe x3  
  144  14:46  Assimilator  
  144  14:50  Assimilator  
Show
View Real Time Build Order
Export as new Build Order

Gredu Zerg - Winner!

Build Orders: Pool First 

Get SALT Encoding   

  12  0:00  Drone  
  13  0:14  Extractor  
  12  0:23  Spawning Pool  
  12  0:27  Drone  
  12  0:32  Drone  
  13  0:37  Drone  
  14  0:49  Overlord  
  14  1:10  Zergling x4  
  16  1:12  Zergling x2  
  16  1:14  Metabolic Boost  
  17  1:21  Zergling x2  
  18  1:32  Zergling x2  
  19  1:42  Zergling x2  
  20  1:55  Zergling x2  
  21  2:03  Hatchery  
  20  2:13  Zergling x2  
  21  2:19  Overlord  
  21  2:20  Queen  
  21  2:32  Zergling x2  
  20  2:45  Zergling x2  
  20  3:00  Zergling x4  
  19  3:08  Drone  
  20  3:16  Queen, Drone  
  20  3:17  Queen  
  20  3:19  Drone  
  26  3:30  Drone x2  
  27  3:50  Zergling x4  
  27  3:55  Drone x4  
  31  4:04  Drone  
  31  4:06  Drone x3  
  35  4:20  Drone, Hatchery  
  35  4:22  Drone  
  36  4:27  Overlord  
  36  4:38  Extractor, Lair  
  36  4:43  Overlord  
  35  4:46  Drone x2  
  35  4:47  Drone  
  35  4:50  Drone  
  37  5:06  Drone  
  38  5:07  Drone x5  
  41  5:16  Drone x3  
  41  5:20  Overlord  
  44  5:25  Spore Crawler  
  43  5:28  Overlord  
  43  5:30  Overlord  
  42  5:38  Drone x4  
  46  5:44  Drone  
  46  5:45  Drone x2  
  46  5:46  Drone x2  
  46  5:48  Drone  
  52  5:50  Drone  
  52  5:53  Extractor  
  52  5:54  Extractor  
  51  6:01  Hydralisk Den  
  51  6:03  Drone x2, Evolution Chamber  
  51  6:04  Drone  
  51  6:07  Drone  
  51  6:08  Drone  
  51  6:09  Drone  
  55  6:12  Overlord  
  55  6:17  Drone x2  
  57  6:19  Overlord  
  57  6:21  Overlord  
  57  6:24  Overlord  
  57  6:30  Zerg Missile Weapons Level 1  
  57  6:31  Grooved Spines  
  55  6:42  Drone x2  
  55  6:43  Drone  
  55  6:44  Drone  
  58  6:59  Hydralisk x2  
  58  7:00  Hydralisk  
  58  7:01  Spore Crawler  
  63  7:05  Overlord  
  63  7:07  Drone x2, Spore Crawler  
  63  7:08  Evolution Chamber  
  63  7:15  Drone x5  
  68  7:16  Drone  
  68  7:18  Overseer  
  69  7:23  Drone x3  
  69  7:24  Drone  
  73  7:32  Zergling x2  
  73  7:33  Zergling x10  
  79  7:39  Zerg Melee Weapons Level 1  
  79  7:40  Baneling Nest  
  78  7:44  Overlord  
  78  7:47  Hydralisk x2  
  78  7:48  Hydralisk  
  84  7:54  Drone x3  
  84  7:55  Drone x2  
  89  8:03  Hydralisk x4  
  97  8:12  Overlord x4  
  97  8:23  Centrifical Hooks  
  97  8:24  Zerg Missile Weapons Level 2  
  97  8:27  Baneling  
  97  8:28  Baneling x6  
  97  8:32  Hydralisk, Extractor  
  97  8:33  Hydralisk x3  
  104  8:36  Extractor  
  104  8:37  Drone x3  
  104  8:39  Drone x2  
  108  8:45  Hydralisk x3  
  108  8:46  Hydralisk  
  116  8:51  Overlord  
  116  8:52  Overlord  
  116  8:57  Zergling x2  
  116  8:58  Zergling x8  
  121  9:05  Baneling  
  121  9:06  Baneling x7  
  121  9:09  Overlord x3  
  121  9:25  Zergling x18  
  129  9:32  Extractor  
  129  9:33  Hatchery  
  124  9:46  Hydralisk x8  
  140  9:59  Hydralisk  
  137  10:00  Hydralisk x5  
  137  10:02  Baneling x8  
  137  10:03  Baneling x2  
  149  10:13  Overlord  
  149  10:14  Overlord x2  
  148  10:23  Drone x3  
  148  10:24  Drone x3  
  154  10:29  Hatchery  
  154  10:30  Baneling x2  
  154  10:31  Baneling x6  
  146  10:49  Zergling x2  
  135  10:50  Zergling x14  
  138  11:03  Zergling x2  
  138  11:04  Zergling x10  
  140  11:12  Zerg Ground Armor Level 1, Zerg Melee Weapons Level 2  
  140  11:14  Muscular Augments, Hydralisk  
  140  11:15  Hydralisk x3  
  144  11:18  Zergling x2  
  144  11:19  Zergling x4  
  144  11:22  Baneling x5  
  144  11:23  Baneling x4  
  144  11:25  Baneling x3  
  147  11:26  Baneling x2  
  147  11:27  Baneling  
  147  11:28  Baneling x2  
  147  11:29  Baneling x2, Hatchery  
  147  11:30  Baneling x2  
  146  11:34  Drone x2  
  146  11:35  Drone x2  
  146  11:36  Drone  
  151  11:41  Drone  
  151  11:42  Drone x4  
  151  11:45  Zergling x2  
  151  11:46  Zergling x6  
  148  12:08  Zergling x2  
  148  12:09  Zergling x26  
  148  12:11  Baneling  
  148  12:12  Baneling x6  
  106  12:34  Hydralisk x10  
  106  12:35  Hydralisk x4  
  134  12:46  Baneling  
  134  12:47  Baneling x13, Extractor  
  134  12:51  Baneling x14  
  133  12:52  Baneling x4  
  133  12:59  Hydralisk  
  133  13:00  Hydralisk x3  
  134  13:13  Baneling  
  134  13:14  Baneling x9  
  128  13:28  Hydralisk  
  128  13:29  Hydralisk x8  
  136  13:56  Hydralisk  
  136  13:57  Hydralisk x8  
  136  13:58  Extractor  
  136  13:59  Hatchery  
  150  14:02  Extractor  
  150  14:08  Zergling x2  
  150  14:09  Zergling x32  
  159  14:22  Overlord x2  
  159  14:28  Baneling x7  
  159  14:29  Baneling x19  
  159  14:30  Baneling  
  159  14:36  Drone  
  159  14:37  Drone x5, Extractor  
  159  14:38  Drone, Extractor  
  164  14:48  Drone x2  
  164  14:49  Infestation Pit  
Tags
 
Composition
Archon Immortal
Matchup
PvZ
Opening
Pool First
Spawn Locations
Cross Positions
Add a new tag
Caveats
  • Supply blocks, unpowered buildings, or Contaminate may cause inaccurate times.
  • Supply counts are checked every 10 seconds.